 Dungeon Crawl Stone Soup version 0.24.0-13-gcf9b3192b9 (webtiles) character file.

Game seed: 9757770109432177479, levelgen mode: deterministic

84 Aviak the Sneak (level 4, -5/27 HPs)
             Began as an Octopode Enchanter on Nov 9, 2019.
             Slain by an ice beast (12 damage)
             ... on level 2 of the Dungeon.
             The game lasted 00:01:33 (1310 turns).

Aviak the Sneak (Octopode Enchanter)                Turns: 1310, Time: 00:01:34

Health: -5/27      AC:  1    Str:  7    XL:     4   Next: 45%
Magic:  7/7        EV: 14    Int: 17    God:
Gold:   120        SH:  0    Dex: 13    Spells: 1/7 levels left

rFire    . . .     SeeInvis .   a - +1 dagger
rCold    . . .     Gourm    .   (no shield)
rNeg     . . .     Faith    .   (helmet restricted)
rPois    .         Spirit   .   (no amulet)
rElec    .         Reflect  .   (no ring)
rCorr    .         Harm     .   (no ring)
MR       .....                  (no ring)
Stlth    ++++......             (no ring)
HPRegen  0.09/turn              (no ring)
MPRegen  0.10/turn              (no ring)
                                (no ring)
                                (no ring)

@: no status effects
A: almost no armour, stealthy swim, amphibious, 8 rings, constrict 8, camouflage
1, gelatinous body 1
a: no special abilities


You were on level 2 of the Dungeon.
You were hungry.

You visited 1 branch of the dungeon, and saw 2 of its levels.

You collected 120 gold pieces.

Inventory:

Hand Weapons
 a - a +1 dagger (weapon)
Jewellery
 k - a cursed -2 ring of intelligence {unknown}
 p - an uncursed ring of poison resistance {unknown}
Scrolls
 d - a scroll of fear {unknown}
 f - 3 scrolls of remove curse {unknown}
 g - a scroll of random uselessness {unknown}
 h - a scroll of enchant armour {unknown}
 j - a scroll of magic mapping {unknown}
 l - a scroll of teleportation {unknown}
 n - a scroll of noise {unknown}
 o - a scroll of amnesia {unknown}
Potions
 b - 2 potions of heal wounds {unknown}
 e - 3 potions of magic {unknown}
 i - a potion of lignification {unknown}
 m - a potion of might {unknown}
Comestibles
 c - 7 rations


   Skills:
 + Level 2.1 Short Blades
 + Level 2.7 Dodging
 + Level 4.9 Stealth
 - Level 2.1 Spellcasting
 + Level 3.5 Hexes


You had one spell level left.
You knew the following spells:

 Your Spells              Type           Power        Failure   Level  Hunger
a - Corona                Hex            ##.....      4%          1    #......
b - Ensorcelled Hibernat  Hex/Ice        #.....       14%         2    ###....
c - Confuse               Hex            ##......     13%         3    ###....

Your spell library contained the following spells:

 Spells                   Type           Power        Failure   Level  Hunger
 Tukima's Dance           Hex            ##......     13%         3    ###....
 Dazzling Spray           Conj/Hex       #.....       28%         3    ###....


Dungeon Overview and Level Annotations

Branches:
Dungeon (2/15)

Altars:


Innate Abilities, Weirdness & Mutations

You cannot wear most types of armour.
You are very stealthy in the water. (Stealth+)
You are amphibious.
You can wear up to eight rings at the same time.
You can use your tentacles to constrict eight enemies at once.
Your skin changes colour to match your surroundings (Stealth+).
Your rubbery body absorbs attacks. (AC +1, EV +1)


Message History

You impale the adder!!
You kill the adder!
Found a robe.
No target in view!
You see here a robe.
All of the chunks of flesh in your inventory have rotted away.
Found 8 poisoned darts.
No target in view!
You are feeling hungry.
l - a scroll labeled SOCWAO GYBECIU No target in view!
The ice beast is too close now for your liking.
Found 8 gold pieces.
An ice beast is nearby!
An ice beast is nearby!
The ice beast hits you. The ice beast freezes you!
You hit the ice beast but do no damage. The ice beast hits you.
* * * LOW HITPOINT WARNING * * *
The ice beast freezes you!
You die...

......#######...####
<...#.# #.......#
##.##.# #.###.#.#
#.##.# #.###.#.#
#....# #.(...#.#
#.#### #..####.# #.#
#..####.## #.#
#......$.# #.#
#.....@Y.#
#.#...........
#...####.##$#. ##.##
.# #. # ##


You could see an ice beast.

Vanquished Creatures
  3 adders (D:2)
  An ooze (D:1)
  A worm (D:2)
  A dart slug (D:1)
  2 leopard geckos (D:1)
  7 giant cockroaches
  3 hobgoblins
  6 kobolds
  A quokka (D:2)
  3 ball pythons
  5 bats
  4 frilled lizards
  8 goblins
  2 rats (D:1)
47 creatures vanquished.

Notes
Turn   | Place    | Note
-------+----------+-------------------------------------------
     0 | D:1      | Aviak the Octopode Enchanter began the quest for the Orb.
     0 | D:1      | Reached XP level 1. HP: 11/11 MP: 3/3
   161 | D:1      | Reached XP level 2. HP: 17/17 MP: 5/5
   174 | D:1      | Learned a level 2 spell: Ensorcelled Hibernation
   451 | D:1      | Reached XP level 3. HP: 15/21 MP: 6/6
   904 | D:2      | Noticed an ice beast
   942 | D:1      | Learned a level 3 spell: Confuse
  1078 | D:2      | Reached XP level 4. HP: 26/27 MP: 2/7
  1310 | D:2      | Slain by an ice beast

Levels and vault maps discovered:
D:1:      matt_arrival_los_fun, layout_loops_ring, st_stairs_12
D:2:      layout_loops_corners, corexii_item_surrounded_by_moat,
          minmay_octomino_j4

Skill      XL: |  1  2  3 |
---------------+----------+-----
Short Blades   | 2 |  2.1
Dodging        | |  2.7
Stealth        | |  4.9
Spellcasting   | |  2.1
Hexes          | |  3.5

Action                   |  1- 3 |  4- 6 || total
-------------------------+-------+-------++-------
Melee: Dagger            |    70 |    17 ||    87
       Constrict         |    13 |     2 ||    15
       Tentacles         |    12 |       ||    12
 Cast: Ensorcelled Hiber |     4 |       ||     4
 Stab: Sleeping          |    17 |     8 ||    25
  Eat: Chunk             |     1 |       ||     1
Armor: Skin              |     2 |     1 ||     3
Dodge: Dodged            |    41 |     5 ||    46
